 Dungeon Crawl Stone Soup version 0.31-a0-640-g39d97e502b (webtiles) character file.

Game seed: 448088511613441746

21 qw the Shooter (level 2, 0/17 HPs)
             Began as a Gargoyle Hunter on Aug 27, 2023.
             Slain by a goblin
             ... wielding a +0 dagger
             ... led by Robin
              (4 damage)
             ... on level 1 of the Dungeon.
             The game lasted 00:00:13 (670 turns).

qw the Shooter (Gargoyle Hunter)                     Turns: 670, Time: 00:00:14

Health: 0/17       AC:  6    Str: 14    XL:     2   Next: 83%
Magic:  2/2        EV: 11    Int:  9    God:
Gold:   40         SH:  0    Dex: 13    Spells: 1/1 levels left

rFire   . . .        Y - +1 shortbow
rCold   . . .        (shield currently unavailable)
rNeg    + . .        c - +0 leather armour
rPois   inf          h - +0 helmet
rElec   +            (no cloak)
rCorr   .            (no gloves)
SInv    .            (no boots)
Will    .....        (no amulet)
Stlth   +            (no ring)
HPRegen 0.22/turn    (no ring)
MPRegen 0.08/turn

%: no passive effects
@: no status effects
A: sickness immunity, AC +2, negative energy resistance 1, electricity
resistance, torment resistance 1, petrification resistance
a: no special abilities


You were on level 1 of the Dungeon.
You visited 1 branch of the dungeon, and saw 2 of its levels.

You collected 40 gold pieces.


Innate Abilities, Weirdness & Mutations

You are immune to sickness and miasma.
Your stone body is resilient. (AC +2)
You are immune to poison.
You resist negative energy. (rN+)
You are resistant to electric shocks. (rElec)
You are resistant to unholy torment.
You are immune to petrification.


   Skills:
 - Level 2.1 Fighting
 + Level 4.8 Ranged Weapons
 - Level 1.5 Dodging
 - Level 1.1 Stealth


You had one spell level left.
You didn't know any spells.
Your spell library was empty.

Inventory:

Hand Weapons
 Y - a +1 shortbow (weapon)
Armour
 c - a +0 leather armour (worn)
 h - a +0 helmet (worn)
Potions
 e - a potion of brilliance {unknown}

Dungeon Overview and Level Annotations

Branches:
Dungeon (2/15)

Altars:

Annotations:
D:2 Robin


Message History

There is a stone staircase leading down here.
You shoot an arrow. The arrow hits the ball python.
You kill the ball python!
Done exploring.
What level of the Dungeon? (default 2, ? - help)
You climb downwards.
Level annotation: Robin Robin throws the goblin at you!
The hobgoblin hits you but does no damage.
An endoplasm comes into view.
The hobgoblin closely misses you.
The hobgoblin hits you but does no damage. x2
The goblin closely misses you.
There is a stone staircase leading up here.
665 ||| STAIRDANCE The hobgoblin hits you.
The hobgoblin barely misses you. x2
The hobgoblin hits you but does no damage.
The goblin barely misses you.
You climb upwards.
There is a stone staircase leading down here.
Enter note:
Enter note:
Enter note: You shoot an arrow.
The arrow closely misses the hobgoblin.
The hobgoblin completely misses you. The hobgoblin hits you.
The hobgoblin closely misses you. The goblin barely misses you.
You shoot an arrow. The arrow hits the hobgoblin.
The hobgoblin is moderately wounded.
The hobgoblin misses you. x2
The hobgoblin hits you but does no damage.
The goblin barely misses you.
You shoot an arrow. The arrow hits the hobgoblin!
You kill the hobgoblin!
The hobgoblin barely misses you. The goblin closely misses you.
The hobgoblin barely misses you. The hobgoblin closely misses you.
The goblin barely misses you. The hobgoblin hits you.
You shoot an arrow. The arrow hits the hobgoblin.
The hobgoblin is almost dead.
The hobgoblin hits you. The goblin hits you with a +0 dagger.
You die...

.##.....###....# #.........# #.
.##........##### #...####### #.
##.........## #...#### #.
##...<.....## #......# ####.
#.....7...######## #...##.# #....
#.........##.....# #...##.# #.##.
#........##.####.########.###.##.
.###.....##....#g#.#####.......#.
.#####...##..#.g@%........###..##
....#####......#g#........# #....
#########.......g#.#####..# ##.##
#####.####.#####..# #.##
####.####.##.....# #.#
#......##>##.##.## #.##
#.##.#.##.......# #...
#.##.#.##.......# ###.
#..(...##.......# #.


You could see 3 hobgoblins and a goblin (strong).

Vanquished Creatures
  3 bats (D:1)
  3 endoplasms (D:1)
  A giant cockroach (D:1)
  2 hobgoblins (D:1)
  2 jackals (D:1)
  A quokka (D:1)
  2 ball pythons (D:1)
  A frilled lizard (D:1)
  2 kobolds (D:1)
  A rat (D:1)
18 creatures vanquished.

Notes
Turn   | Place    | Note
-------+----------+-------------------------------------------
     0 | D:1      | qw the Gargoyle Hunter began the quest for the Orb.
     0 | D:1      | Reached XP level 1. HP: 12/12 MP: 1/1
     0 | D:1      | 0 ||| qw: Version: 0.3-a-74-g0d5e918
     0 | D:1      | 0 ||| qw: Game counter: 86
     0 | D:1      | 0 ||| qw: Melee chars always use a shield: true
     0 | D:1      | 0 ||| qw: God list: Okawaru
     0 | D:1      | 0 ||| qw: Allow faded altars: false
     0 | D:1      | 0 ||| qw: Do Orc after clearing Dungeon:15 true
     0 | D:1      | 0 ||| qw: Do second Lair branch before Depths: true
     0 | D:1      | 0 ||| qw: Lair rune preference: random
     0 | D:1      | 0 ||| qw: Goals: Normal
     0 | D:1      | 0 ||| PLANNING D:1-11
   189 | D:1      | Reached XP level 2. HP: 17/17 MP: 2/2
   522 | D:1      | 522 ||| UPGRADING to +0 helmet.
   527 | D:1      | 527 ||| READING scroll labelled WIHOF MAREATE.
   628 | D:1      | 628 ||| READING scroll labelled JYBINLURHEY.
   629 | D:1      | 629 ||| READING scroll labelled UHEEPSIKHLOI.
   630 | D:1      | 630 ||| DROPPING scroll of butterflies.
   659 | D:2      | Noticed Robin
   660 | D:2      | 660 ||| STAIRDANCE
   665 | D:2      | 665 ||| STAIRDANCE
   670 | D:1      | HP: 4/17 [hobgoblin[Robin] (3)]
   670 | D:1      | Slain by a goblin

Levels and vault maps discovered:
D:1:      spicycebolla_green_bress_n_ham, layout_loops_cross
D:2:      layout_rooms, uniq_robin

Action                     || total
---------------------------++-------
   Fire: Shortbow          ||    46
    Use: Scroll            ||     3
 Armour: Leather armour    ||    14
  Dodge: Dodged            ||    26

Table legend:
 A = Non-vault XP
 B = Vault XP
 C = Vault XP percentage of total XP
 D = Non-vault monster count
 E = Vault monster count
 F = Vault count percentage of total count
                 A         B        C        D         E       F
            +---------+---------+-------+---------+---------+-------
      Total |      28 |       2 |   6.7 |      17 |       1 |   5.6
            +---------+---------+-------+---------+---------+-------
        D:1 |      28 |       2 |   6.7 |      17 |       1 |   5.6
            +---------+---------+-------+---------+---------+-------
